Unix NetHack Version 5.0.0-0 post-release - last build May 31 2026 23:59:36 (970b52f25bf058293b47ddfd14a1e40e571c508c,branch:main).

Game began 2026-06-04 23:58:59, ended 2026-06-05 01:41:52.

IanCurtis, chaotic male elven Wizard

                               -----
                                ...
                                ._.
                                 .
                      -----     -|-
                     --...--    |.|
                   ..|.[...|    |u|
      ------       ........|    -@--
      |%!%(|      ...---...|    .%.----
      |....|     ......|...|     .....|
      ---|--------....-----       -...|
   ---- -.---...-|...--           ..--
   |..|-.........|..---          ...|     |
   |.%-)..............-|---.-----..--   ....
   ----.....{....----......)%....... ...G...
         .......     -+--)-------.-  .......
         .......        |[|.((!|     ......-
          ..---         |.-.((/|      ...---
                        --|.(((|
                          ------
IanCurtis the Thaumaturge  St:10 Dx:10 Co:14 In:18 Wi:11 Ch:12  Chaotic
Dlvl:7  $:46 HP:0(35) Pw:23(56) AC:8  Xp:6 T:2068 

Latest messages:
 (For instructions type a '?')
 You see here a pick-axe.
 d - a pick-axe.
 You see here a hooded cloak.
 You see here a dagger.
 The gnome lord throws a thonged club!
 You are hit by a thonged club!
 The thonged club returns to the gnome lord's hand!
 You see here a dagger.
 The gnome lord picks up a hooded cloak.
 In what direction? l
 The spell hits the gnome lord!
 The gnome lord swings his thonged club.
 The gnome lord hits!
 You hit the gnome lord!
 The gnome lord swings his thonged club.
 The gnome lord hits!
 In what direction? l
 The spell hits the gnome lord!
 You kill the gnome lord!
 There is a gnome lord corpse here; eat it? [ynq] (n) y
 This gnome lord corpse is fatty.
 You finish eating the gnome lord corpse.
 In what direction? l
 The spell misses the rock mole.
 In what direction? l
 The spell hits the rock mole!
 You kill the rock mole!
 You hear something shatter!
 You see here a gnome lord corpse.
 The gnome throws a thonged club!
 You are hit by a thonged club!
 The door resists!
 The door opens.
 Please move the cursor to a monster, object or location.
 (For instructions type a '?')
 In what direction? j
 The spell hits the gnome!
 You kill the gnome!
 The pony kicks!
 The pony bites!
 You hear a door open.
 The pony kicks!
 The pony bites!
 Are you sure you want to pray? [yes|no] yes
 You begin praying to Anhur.
 The pony kicks!
 You die...
 Do you want your possessions identified? [ynq] (y) y
 Do you want to see your attributes? [ynq] (y) q

Inventory:
 Coins    ('$')
  $ - 46 gold pieces
 Weapons  (')')
  a - a blessed +1 quarterstaff (weapon in hands)
 Armor    ('[')
  p - an uncursed +0 orcish helm (being worn)
  w - an uncursed +0 pair of gauntlets of power
  b - an uncursed +0 cloak of magic resistance (being worn)
 Comestibles  ('%')
  D - an uncursed food ration
 Scrolls  ('?')
  G - a blessed scroll of blank paper
  F - 3 uncursed scrolls of blank paper
  t - an uncursed scroll of charging
  k - an uncursed scroll of confuse monster
  i - an uncursed scroll of enchant weapon
  z - an uncursed scroll of fire
  j - an uncursed scroll of magic mapping
  q - an uncursed scroll of scare monster
 Spellbooks  ('+')
  m - an uncursed spellbook of confuse monster
  l - a blessed spellbook of force bolt
  u - an uncursed spellbook of haste self
 Potions  ('!')
  v - an uncursed potion of booze
  E - an uncursed potion of confusion
  g - an uncursed potion of gain level
  s - 3 uncursed potions of healing
  r - an uncursed potion of monster detection
  f - an uncursed potion of paralysis
  h - an uncursed potion of sleeping
 Rings    ('=')
  C - an uncursed ring of stealth (on right hand)
  e - an uncursed ring of teleportation
 Wands    ('/')
  c - a wand of light (0:13)
 Tools    ('(')
  n - a magic marker (0:21)
  d - a +0 pick-axe
  o - an uncursed tallow candle
 Gems/Stones  ('*')
  x - an uncursed touchstone

IanCurtis the Wizard's attributes:

Background:
 You were a Thaumaturge, a level 6 male elven Wizard.
 You were chaotic, on a mission for Anhur
 who was opposed by Ptah (lawful) and Thoth (neutral).
 You were right-handed.
 You were in the Gnomish Mines, on level 7.
 You entered the dungeon 2068 turns ago.
 It was nighttime.
 You had 375 experience points, 265 more were needed to attain level 7.

Basics:
 You had 0 out of 35 hit points.
 You had 23 out of 56 energy points (spell power).
 Your armor class was 8.
 Your wallet contained 46 zorkmids.
 Autopickup was off.

Final Characteristics:
 Your strength was 10 (limit:18).
 Your dexterity was 10 (limit:18).
 Your constitution was 14 (limit:16).
 Your intelligence was 18 (limit:20).
 Your wisdom was 11 (limit:20).
 Your charisma was 12 (limit:18).

Final Status:
 You weren't hungry.
 You were unencumbered.
 You were wielding a quarterstaff.
 You had basic skill with quarterstaff.

Final Attributes:
 You were piously aligned.
 You were magic-protected.
 You were sleep resistant.
 You had infravision.
 You were stealthy.
 You were warded.
 You were unlucky.
 You are dead.

Miscellaneous:
 You didn't encounter any bones levels.
 Total elapsed playing time was 14 minutes and 8 seconds.

Major events:
 Turn
    1: IanCurtis the chaotic male elven Wizard entered the dungeon
  825: attained the rank of Conjurer (level 3)
  921: entered the Gnomish Mines
 1466: reached Mine Town
 2008: attained the rank of Thaumaturge (level 6)
 2068: killed by a pony, while praying

Spells:
 Name                 Level Category     Fail Retention
 force bolt             1   attack         0%   81%-90%
 confuse monster        1   enchantment    0%   81%-90%
 haste self             3   escape        80%  76%-100%

Skills:
 Fighting Skills
   bare handed combat [Unskilled]
   riding             [Unskilled]
 Weapon Skills
   dagger             [Unskilled]
   knife              [Unskilled]
   axe                [Unskilled]
   short sword        [Unskilled]
   club               [Unskilled]
   mace               [Unskilled]
   quarterstaff       [Basic]
   polearms           [Unskilled]
   spear              [Unskilled]
   trident            [Unskilled]
   sling              [Unskilled]
   dart               [Unskilled]
   shuriken           [Unskilled]
 Spellcasting Skills
   attack spells      [Basic]
   healing spells     [Unskilled]
   divination spells  [Unskilled]
   enchantment spells [Basic]
   clerical spells    [Unskilled]
   escape spells      [Unskilled]
   matter spells      [Unskilled]

Voluntary challenges:
 Character rerolling was not enabled.
 You never genocided any monsters.
 You never polymorphed an object.
 You never changed form.
 You used no wishes.
Achievements:
 You attained the rank of Conjurer.
 You entered the Gnomish Mines.
 You entered Minetown.
 You entered a shop.
 You attained the rank of Thaumaturge.

 The Dungeons of Doom: levels 1 to 3
    Level 1: "vault"
    Level 2:
       A fountain.
    Level 3:
       A fountain.
       Stairs down to The Gnomish Mines.
 The Gnomish Mines: levels 4 to 7
    Level 4:
    Level 5:
    Level 6:
    Level 7: <- You were here.
       Some shops, an altar, a fountain.
       Final resting place for
          you, killed by a pony, while praying.


Vanquished creatures:
  a human zombie
  a rock mole
  4 gnome leaders
  a gnomish wizard
  a kobold mummy
  3 elf zombies
  a paper golem
  6 dwarves
  a dwarf zombie
 an iguana
 an acid blob
  2 coyotes
  a gas spore
  a hobbit
  2 hobgoblins
  a yellow mold
 24 gnomes
  a gnome zombie
  2 geckos
  a jackal
  a fox
  a goblin
  2 grid bugs
  3 lichens
  6 newts
69 creatures vanquished.

No species were genocided or became extinct.

Game over:
                       ----------
                      /          \
                     /    REST    \
                    /      IN      \
                   /     PEACE      \
                  /                  \
                  |    IanCurtis     |
                  |      46 Au       |
                  | killed by a pony |
                  |                  |
                  |                  |
                  |                  |
                  |       2026       |
                 *|     *  *  *      | *
        _________)/\\_//(\/(/\)/\//\/|_)_______

Goodbye IanCurtis the Wizard...

You died in The Gnomish Mines on dungeon level 7 with 1842 points,
and 46 pieces of gold, after 2068 moves.
You were level 6 with a maximum of 35 hit points when you died.

